 Dungeon Crawl Stone Soup version 0.31-a0-435-g2c6fae2916 (webtiles) character file.

Game seed: 15258543035188280446

123 Jase the Changeling (level 5, 0/38 HPs)
             Began as a Merfolk Shapeshifter on Aug 1, 2023.
             Was an Initiate of Hepliaklqana.
             Killed from afar by a steam dragon (13 damage)
             ... with a ball of steam
             ... on level 6 of the Dungeon.
             The game lasted 00:05:01 (2194 turns).

Jase the Changeling (Merfolk Shapeshifter)          Turns: 2194, Time: 00:05:02

Health: 0/38       AC:  2    Str: 15    XL:     5   Next: 7%
Magic:  5/5        EV: 13    Int:  7    God:    Hepliaklqana [......]
Gold:   194        SH:  0    Dex: 17    Spells: 4/4 levels left

rFire   . .          .
                       - Unarmed
rCold   . . .        (no shield)
rNeg    . . .        a - +0 animal skin
rPois   .            (helmet currently unavailable)
rElec   .            (cloak currently unavailable)
rCorr   .            (gloves currently unavailable)
SInv    .            (boots currently unavailable)
Will    .....        (no amulet)
Stlth   ++           (no ring)
HPRegen 0.26/turn    (no ring)
MPRegen 0.09/turn

%: no passive effects
@: beast-form
A: beast (slay +3), (nimble swimmer 2), mertail
a: Begin Untransformation, Renounce Religion


You were on level 6 of the Dungeon.
You worshipped Hepliaklqana.
Hepliaklqana was noncommittal.
You were a hulking beast.
You visited 1 branch of the dungeon, and saw 4 of its levels.

You collected 194 gold pieces.

Inventory:

Missiles
 n - 2 throwing nets
 o - 5 boomerangs
Armour
 a - a +0 animal skin (worn)
 f - a scarf of repulsion
 j - a +1 pair of gloves
Talismans
 c - a beast talisman (active)
Wands
 m - a wand of roots (13)
Scrolls
 d - a scroll of torment {unknown}
 g - a scroll of identify {unknown}
 h - a scroll of teleportation {unknown}
 i - a scroll of noise {unknown}
 p - a scroll of poison {unknown}
 t - 3 scrolls of blinking {unknown}
Potions
 b - a potion of lignification
 e - 2 potions of haste {unknown}
 k - a potion of heal wounds {unknown}
 l - a potion of brilliance {unknown}
 q - 2 potions of curing {unknown}
 r - a potion of attraction {unknown}
 s - a potion of ambrosia {unknown}
 u - a potion of enlightenment {unknown}
 v - a potion of mutation {unknown}


   Skills:
 + Level 1.9 Fighting
 - Level 2.6 Dodging
 + Level 4.7 Unarmed Combat
 + Level 5.3 Shapeshifting


You had 4 spell levels left.
You didn't know any spells.
Your spell library was empty.

Dungeon Overview and Level Annotations

Branches:
Dungeon (3/15)

Altars:
Hepliaklqana


Innate Abilities, Weirdness & Mutations

You are a hulking beast.
Your limbs bulge with bestial killing power. (Slay +3)
((You are very nimble when in or above water. (Stealth+, EV+, Speed+++)))
Your lower body shifts to a powerful aquatic tail in water.


Message History

You hit the orc.
You kill the orc!
You start resting.
HP restored.
There is a stone staircase leading down here.
Things that are here:
a +0 dagger; an orc corpse You see here a +0 mace.
You now have 182 gold pieces (gained 16).
You see here the +18 Lear's hauberk.
You now have 194 gold pieces (gained 12).
A steam dragon comes into view.
You start waiting.
A steam dragon is nearby!
The steam dragon closely misses you. The steam dragon barely misses you.
You hit the steam dragon.
The steam dragon is lightly wounded.
The steam dragon breathes steam at you. The ball of steam misses you.
You hit the steam dragon.
The steam dragon is lightly wounded.
You are engulfed in a cloud of scalding steam.
The steam dragon bites you. The steam dragon completely misses you.
You closely miss the steam dragon.
The steam dragon is lightly wounded.
You are engulfed in a cloud of scalding steam.
The steam dragon closely misses you. The steam dragon barely misses you.
You hit the steam dragon. Your punch misses the steam dragon.
The steam dragon is moderately wounded.
You are engulfed in a cloud of scalding steam.
The steam dragon closely misses you. The steam dragon misses you.
You hit the steam dragon.
The steam dragon is heavily wounded.
You are engulfed in a cloud of scalding steam.
The steam dragon misses you. The steam dragon closely misses you.
You hit the steam dragon.
The steam dragon is heavily wounded.
The steam dragon breathes steam at you. The ball of steam hits you!
You die...

#.....# ... #.....##.##
####......>..#
..............#
#########.....#
............# #
#############.....##.#
..........D.#.#......# #
###########h#.#)..##.#.#.
#.........#..§.>...#.....
#.#######.#..§#......#..#
#.# #.#...#.#.#..#..# #.#
#.#..[#.#.#..#..
#.#######.#...#.#.#.)#.#####
#.#.............#.#..#......
#.#.#####.##.####.....####
#.#.# #................#


You could see a steam dragon (catching breath).

Vanquished Creatures
  An orc priest (D:6)
  3 adders
  2 worms (D:2)
  2 dart slugs (D:1)
  4 orcs (D:6)
  A ball python (D:1)
  2 bats
  6 endoplasms
  2 giant cockroaches
  7 goblins
  5 hobgoblins
  6 jackals (D:1)
  2 frilled lizards
  4 kobolds (D:2)
  2 rats
49 creatures vanquished.

Notes
Turn   | Place    | Note
-------+----------+-------------------------------------------
     0 | D:1      | Jase the Merfolk Shapeshifter began the quest for the Orb.
     0 | D:1      | Reached XP level 1. HP: 15/15 MP: 1/1
   111 | D:1      | Reached XP level 2. HP: 21/21 MP: 2/2
   380 | D:1      | Reached XP level 3. HP: 26/26 MP: 3/3
  1308 | D:2      | Reached XP level 4. HP: 22/32 MP: 4/4
  1361 | D:2      | Reached skill level 5 in Shapeshifting
  1362 | D:2      | Found a hazy altar of Hepliaklqana.
  1371 | D:2      | Became a worshipper of Hepliaklqana the Forgotten
  1403 | D:2      | Identified the +0 ring mail of Youthful Indiscretion
                  | {Stlth+}
  1918 | D:3      | You fall into a shaft and drop 3 floors!
  1976 | D:6      | Reached XP level 5. HP: 22/38 MP: 5/5
  2043 | D:6      | Found the +18 Lear's hauberk
  2176 | D:6      | Noticed a steam dragon
  2194 | D:6      | Killed from afar by a steam dragon

Illustrated notes

Levels and vault maps discovered:
D:1:      lightli_arrival_isolated_outpost, layout_basic, serial_rivers,
          chequers_serial_rivers_small_b, chequers_serial_rivers_small_b,
          chequers_serial_rivers_room_a, chequers_serial_rivers_large_b,
          chequers_serial_rivers_micro_c, minmay_pentomino_z2
D:2:      layout_basic, basic_altar
D:3:      layout_loops_ring, general_overflow_altar, elyvilon_altar_3,
          minmay_joined_circles
D:6:      layout_basic, temple_hall

Skill      XL: |  1  2  3  4 |
---------------+-------------+-----
Unarmed Combat | 4 |  4.7
Shapeshifting  | 5 |  5.3
Fighting       | |  1.9
Dodging        | |  2.6

Action                     |  1- 3 |  4- 6 || total
---------------------------+-------+-------++-------
  Melee: Unarmed           |   100 |    39 ||   139
         Punch             |     1 |       ||     1
         Tailslap          |     2 |       ||     2
   Stab: Sleeping          |     2 |       ||     2
 Armour: Animal skin       |     6 |     1 ||     7
  Dodge: Dodged            |    47 |    21 ||    68

Table legend: (Time is in decaauts)
 A = Elapsed time spent in this place.
 B = Non-inter-level travel time spent in this place.
 C = Inter-level travel time spent in this place.
 D = Time resting spent in this place.
 E = Time spent auto-exploring this place.
 F = Levels seen in this place.
 G = Mean time per level.
                   A        B        C        D        E       F      G
               +--------+--------+--------+--------+--------+-----+--------+
         Total |   2127 |   2072 |     55 |    109 |   1574 |   4 |  531.8 |
       Dungeon |   2127 |   2072 |     55 |    109 |   1574 |   4 |  531.8 |
               +--------+--------+--------+--------+--------+-----+--------+

Top non-repeatable levels by time:
     D:2: 1012 daAuts
     D:1: 670 daAuts
     D:6: 274 daAuts
     D:3: 171 daAuts
